 Dungeon Crawl Stone Soup version 0.30.1-4-g462c640d31 (webtiles) character file.

Game seed: 12360873264645154894

74 Bobit the Grasshopper (level 4, -1/38 HPs)
             Began as a Gnoll Warper on Aug 15, 2023.
             Was an Initiate of Yredelemnul.
             Slain by a gnoll
             ... wielding a +0 spear
              (2 damage)
             ... on level 2 of the Dungeon.
             The game lasted 00:03:22 (1579 turns).

Bobit the Grasshopper (Gnoll Warper)                Turns: 1579, Time: 00:03:23

Health: -1/38      AC: 10    Str: 10    XL:     4   Next: 30%
Magic:  11/11      EV:  6    Int: 12    God:    Yredelemnul [......]
Gold:   141        SH:  0    Dex: 14    Spells: 8/13 levels left

rFire   . . .        a - +0 falchion
rCold   . . .        (no shield)
rNeg    . . .        k - +0 chain mail
rPois   .            (no helmet)
rElec   .            (no cloak)
rCorr   .            (no gloves)
SInv    .            i - +0 pair of boots
Will    .....        (no amulet) Stlth
                     (no ring)
HPRegen 0.26/turn    (no ring)
MPRegen 0.12/turn

%: no passive effects
@: no status effects
A: fangs 1, strong nose, distributed training
a: Renounce Religion, Recall Undead Harvest


You were on level 2 of the Dungeon.
You worshipped Yredelemnul.
Yredelemnul was noncommittal.
You visited 1 branch of the dungeon, and saw 2 of its levels.

You collected 141 gold pieces.

Inventory:

Hand Weapons
 a - a +0 falchion (weapon)
Missiles
 d - 7 boomerangs of dispersal (quivered)
Armour
 b - a +0 leather armour
 i - a +0 pair of boots (worn)
 k - a +0 chain mail (worn)
Scrolls
 c - a scroll of blinking
 g - 2 scrolls of teleportation {unknown}
 j - 2 scrolls of poison {unknown}
 l - 2 scrolls of identify {unknown}
Potions
 e - a potion of invisibility
 f - 3 potions of curing {unknown}
 h - a potion of ambrosia {unknown}


   Skills:
 + Level 4.6 Fighting
 + Level 1.1 Short Blades
 + Level 4.6 Long Blades
 + Level 1.1 Axes
 + Level 1.1 Maces & Flails
 + Level 1.1 Polearms
 + Level 1.1 Staves
 + Level 1.1 Ranged Weapons
 + Level 2.7 Throwing
 + Level 2.7 Armour
 + Level 4.6 Dodging
 + Level 1.1 Stealth
 + Level 1.1 Shields
 + Level 1.1 Unarmed Combat
 + Level 5.1 Spellcasting
 + Level 0.9 Conjurations
 + Level 0.9 Hexes
 + Level 0.9 Summonings
 + Level 0.9 Necromancy
 + Level 5.4 Translocations
 + Level 0.9 Transmutations
 + Level 0.9 Fire Magic
 + Level 0.9 Ice Magic
 + Level 0.9 Air Magic
 + Level 0.9 Earth Magic
 + Level 0.9 Poison Magic
 + Level 1.2 Invocations
 + Level 1.1 Evocations


You had 8 spell levels left.
You knew the following spells:

 Your Spells              Type           Power      Damage    Failure   Level
a - Blink                 Tloc           32%        N/A       77%         2
b - Teleport Other        Tloc           16%        N/A       94%         3

Your spell library contained the following spells:

 Spells                   Type           Power      Damage    Failure   Level
 Lesser Beckoning         Tloc           32%        N/A       77%         2
 Foxfire                  Conj/Fire      20%        2x1d5     99%         1
 Vhi's Electric Charge    Tloc/Air       20%        N/A       99%         3
 Manifold Assault         Tloc           16%        N/A       100%        4
 Fireball                 Conj/Fire      2%         3d4       100%        5
 Plasma Beam              Fire/Air       2%         2x1d14    100%        6
 Starburst                Conj/Fire      2%         6d3       100%        6


Dungeon Overview and Level Annotations

Branches:
Dungeon (2/15)

Altars:
Gozag
Yredelemnul


Innate Abilities, Weirdness & Mutations

You have very sharp teeth.
Your uncanny sense of smell can sniff out nearby items.
Your experience applies equally to all skills.


Message History

The gnoll hits you with a +0 flail.
* * * LOW HITPOINT WARNING * * *
Your frilled lizard zombie bites the gnoll but does no damage.
Your frilled lizard zombie bites the gnoll.
The gnoll hits your frilled lizard zombie with a +0 spear!
Your frilled lizard zombie is destroyed!
You swap places.
The gnoll hits your endoplasm zombie with a +0 flail.
Your hobgoblin zombie hits the gnoll.
Your endoplasm zombie closely misses the gnoll.
The gnoll hits your endoplasm zombie with a +0 flail!
Your endoplasm zombie is destroyed!
Your hobgoblin zombie hits the gnoll.
The gnoll hits your hobgoblin zombie with a +0 flail!
Your hobgoblin zombie is destroyed!
You hit the gnoll.
The gnoll is moderately wounded.
The gnoll hits you with a +0 spear.
* * * LOW HITPOINT WARNING * * *
You flicker for a moment.
You flicker back into view.
You closely miss the gnoll.
The gnoll is moderately wounded.
The gnoll hits you with a +0 flail.
* * * LOW HITPOINT WARNING * * *
You hit the gnoll but do no damage.
The gnoll is moderately wounded.
The gnoll closely misses you. The gnoll completely misses you.
You slash the gnoll!
You kill the gnoll!
The gnoll hits you but does no damage.
The gnoll hits you from afar with a +0 spear.
* * * LOW HITPOINT WARNING * * *
The gnoll closely misses you.
You see here a +0 flail.
You hit the gnoll but do no damage. You bite the gnoll, but do no damage.
The gnoll is lightly wounded.
The gnoll hits you with a +0 spear.
You die...
Your body rises from the dead as a mindless zombie.

#.# #.# ∆ ∆ ###># ∆
.Z..# ##.## ##Z#
#Z.#
#######+#######+##
#.##
#.g...............
#Z#########
##@#...............
.ZZZ......#
#..##............).
..#########
########+#######+##
..# .## ## +##
######.###
########...##...## ∆
∆
##.....#<.♣.Z..♣Z.##
###


You could see a gnoll.

Vanquished Creatures
  2 gnolls (D:2)
  An adder (D:2)
  2 worms (D:2)
  2 dart slugs
  4 endoplasms (D:1)
  A giant cockroach (D:1)
  A goblin (D:1)
  5 hobgoblins
  A kobold (D:1)
  2 quokkas (D:1)
  3 ball pythons
  A bat (D:1)
  2 frilled lizards (D:2)
  3 rats
30 creatures vanquished.

Vanquished Creatures (collateral kills)
  An endoplasm (D:2)
  A giant cockroach (D:2)
  3 bats
5 creatures vanquished.

Vanquished Creatures (others)
  An adder zombie (D:2)
  2 bat zombies
  An endoplasm zombie (D:2)
  A frilled lizard zombie (D:2)
  2 hobgoblin zombies (D:2)
  A rat zombie (D:2)
8 creatures vanquished.

Grand Total: 43 creatures vanquished

Notes
Turn   | Place    | Note
-------+----------+-------------------------------------------
     0 | D:1      | Bobit the Gnoll Warper began the quest for the Orb.
     0 | D:1      | Reached XP level 1. HP: 20/20 MP: 6/6
    93 | D:1      | Reached XP level 2. HP: 17/26 MP: 7/7
   208 | D:1      | Found a faded altar of an unknown god.
   254 | D:1      | Prayed at the altar of an unknown god.
   254 | D:1      | Became a worshipper of Yredelemnul the Dark
   254 | D:1      | Reached * piety under Yredelemnul
   540 | D:1      | Reached skill level 5 in Spellcasting
   540 | D:1      | Reached XP level 3. HP: 29/31 MP: 7/9
   855 | D:2      | Learned a level 2 spell: Blink
   859 | D:2      | Learned a level 3 spell: Teleport Other
  1035 | D:2      | Found an opulent altar of Gozag.
  1116 | D:2      | Reached skill level 1 in Invocations
  1255 | D:2      | Reached skill level 1 in Short Blades
  1255 | D:2      | Reached skill level 1 in Axes
  1255 | D:2      | Reached skill level 1 in Maces & Flails
  1255 | D:2      | Reached skill level 1 in Polearms
  1255 | D:2      | Reached skill level 1 in Staves
  1255 | D:2      | Reached skill level 1 in Ranged Weapons
  1255 | D:2      | Reached skill level 1 in Stealth
  1255 | D:2      | Reached skill level 1 in Shields
  1255 | D:2      | Reached skill level 1 in Unarmed Combat
  1255 | D:2      | Reached skill level 1 in Evocations
  1543 | D:2      | Reached XP level 4. HP: 7/38 MP: 11/11
  1546 | D:2      | HP: 1/38 [gnoll/+0 flail (2)]
  1577 | D:2      | HP: 1/38 [gnoll/+0 spear (4)]
  1579 | D:2      | Slain by a gnoll

Illustrated notes

Levels and vault maps discovered:
D:1:      saegor_arrival_simple_c, layout_basic, ebering_ecumenical_altar_box
D:2:      kennysheep_six_static_rooms, layout_loops_ring, basic_altar,
          grunt_ministairs_4

Skill      XL: |  1  2  3 |
---------------+----------+-----
Spellcasting   | 5 |  5.1
Invocations    | 1 |  1.2
Short Blades   | 1 |  1.1
Axes           | 1 |  1.1
Maces & Flails | 1 |  1.1
Polearms       | 1 |  1.1
Staves         | 1 |  1.1
Ranged Weapons | 1 |  1.1
Stealth        | 1 |  1.1
Shields        | 1 |  1.1
Unarmed Combat | 1 |  1.1
Evocations     | 1 |  1.1
Fighting       | |  4.6
Long Blades    | |  4.6
Throwing       | |  2.7
Armour         | |  2.7
Dodging        | |  4.6
Conjurations   | |  0.9
Hexes          | |  0.9
Summonings     | |  0.9
Necromancy     | |  0.9
Translocations | |  5.4
Transmutations | |  0.9
Fire Magic     | |  0.9
Ice Magic      | |  0.9
Air Magic      | |  0.9
Earth Magic    | |  0.9
Poison Magic   | |  0.9

Action                     |  1- 3 |  4- 6 || total
---------------------------+-------+-------++-------
  Melee: Falchion          |   129 |     9 ||   138
         Bite              |    10 |     2 ||    12
         Punch             |     1 |       ||     1
    Use: Potion            |     1 |       ||     1
   Stab: Invisible         |       |     1 ||     1
 Armour: Leather armour    |    11 |       ||    11
         Chain mail        |    32 |     2 ||    34
  Dodge: Dodged            |    69 |     4 ||    73
